 Dungeon Crawl Stone Soup version 0.23-a0-677-g07611c5 (webtiles) character file.

210 galech the Covered (level 5, -5/41 HPs)
             Began as a Demonspawn Fighter on Jan 9, 2019.
             Slain by Sigmund
             ... wielding a +0 scythe
              (6 damage)
             ... on level 3 of the Dungeon.
             The game lasted 00:02:50 (2565 turns).

galech the Covered (Demonspawn Fighter)             Turns: 2565, Time: 00:02:50

Health: -5/41      AC:  9    Str: 16    XL:     5   Next: 57%
Magic:  5/5        EV:  9    Int:  9    God:
Gold:   203        SH:  9    Dex: 14    Spells: 4/4 levels left

rFire    . . .     SeeInvis .   a - +0 war axe
rCold    . . .     Gourm    .   c - +0 shield
rNeg     . . .     Faith    .   b - +0 scale mail
rPois    .         Spirit   .   i - +0 helmet
rElec    .         Reflect  .   (no cloak)
rCorr    .         Harm     .   (no gloves)
MR       .....                  e - +0 pair of boots
Stlth    +.........             (no amulet)
HPRegen  0.13/turn              (no ring)
MPRegen  0.09/turn              (no ring)

@: no status effects
A: talons 1, repulsion field 1, nightstalker 1
a: no special abilities


You were on level 3 of the Dungeon.
You were not hungry.

You visited 1 branch of the dungeon, and saw 3 of its levels.

You collected 203 gold pieces.

Inventory:

Hand Weapons
 a - a +0 war axe (weapon)
Armour
 b - a +0 scale mail (worn)
 c - a +0 shield (worn)
 e - a +0 pair of boots (worn)
 i - a +0 helmet (worn)
Wands
 d - a wand of disintegration (5)
 o - a wand of iceblast (11)
Scrolls
 g - a scroll of noise {unknown}
 h - 5 scrolls of identify {unknown}
 j - 4 scrolls of remove curse {unknown}
 k - a scroll of fear {unknown}
 l - a scroll of enchant weapon {unknown}
 m - 3 scrolls of magic mapping {unknown}
 n - a scroll of blinking {unknown}
 q - a scroll of enchant armour {unknown}
 r - a scroll of teleportation {unknown}
Comestibles
 f - 5 rations
 p - a chunk of flesh


   Skills:
 + Level 3.5 Fighting
 + Level 3.7 Axes
 + Level 3.7 Armour
 + Level 0.8 Dodging
 + Level 3.2 Shields


You had 4 spell levels left.
You didn't know any spells.
Your spell library was empty.

Dungeon Overview and Level Annotations

Branches:
Dungeon (3/15)

Altars:
Cheibriados
Fedhas
Makhleb

Annotations:
D:3 Sigmund


Innate Abilities, Weirdness & Mutations

You have sharp toenails.
You are surrounded by a mild repulsion field. (EV +2)
You are slightly more attuned to the shadows.


Message History

You closely miss something.
You hear some strange, mumbled words.
Something tries to affect you, but you resist.
Something hits you.
You closely miss something. You miss something. Something hits you.
You miss something. Something hits you but does no damage.
You miss something. You block something's attack.
You closely miss something. Something completely misses you.
You miss something. Something hits you.
You miss something. Something hits you!
Your shield and scale mail prevent you from hitting something.
Something hits you.
You miss something. Something hits you!
You barely miss something. Something hits you!
* * * LOW HITPOINT WARNING * * *
You miss something. Something hits you.
* * * LOW HITPOINT WARNING * * *
You slash something! Something hits you.
You die...

#..##8 #######.###
#....# #.........#
#....# #......>...
#....# #....(.....
#....# #.....^....
#....# #..........
#..{.# #....รท.....
##..@)#####..........
#....................
#...?.#####..........
#.##### #..........
#. #.......... #
#.......... ########


There were no monsters in sight!

Vanquished Creatures
  Ijyb (D:3)
  Robin (D:2)
  3 gnolls (D:2)
  5 adders (D:2)
  2 oozes
  A worm (D:2)
  4 dart slugs
  2 leopard geckos
  An orc (D:3)
  A ball python (D:2)
  7 bats
  4 giant cockroaches
  16 goblins
  8 hobgoblins
  12 kobolds
  4 frilled lizards
  9 rats
81 creatures vanquished.

Notes
Turn   | Place    | Note
-------+----------+-------------------------------------------
     0 | D:1      | galech the Demonspawn Fighter began the quest for the Orb.
     0 | D:1      | Reached XP level 1. HP: 18/18 MP: 1/1
   164 | D:1      | Gained mutation: You are surrounded by a mild repulsion
                  | field. (EV +2) [demonic ancestry]
   164 | D:1      | Reached XP level 2. HP: 19/24 MP: 2/2
   355 | D:1      | Reached XP level 3. HP: 19/29 MP: 3/3
   867 | D:2      | Found a blossoming altar of Fedhas.
   909 | D:2      | Gained mutation: You are slightly more attuned to the
                  | shadows. [demonic ancestry]
   909 | D:2      | Reached XP level 4. HP: 32/35 MP: 4/4
  1082 | D:2      | Noticed Robin
  1100 | D:2      | Killed Robin
  1100 | D:2      | Gained mutation: You have sharp toenails. [demonic
                  | ancestry]
  1100 | D:2      | Reached XP level 5. HP: 24/41 MP: 5/5
  1285 | D:2      | Found a burning altar of Makhleb.
  1981 | D:3      | Noticed Ijyb
  1989 | D:3      | HP: 2/41 [disintegration (21)]
  1992 | D:3      | Killed Ijyb
  2509 | D:3      | Found a snail-covered altar of Cheibriados.
  2547 | D:3      | Noticed Sigmund
  2564 | D:3      | HP: 1/41 [something (3)]
  2565 | D:3      | Slain by Sigmund

Vault maps used:
D:1:      nagdon_arrival_zigzag_paths, serial_bayou_pond_b
D:2:      fedhas_ov_isle_minmay, lemuel_tele_altar, uniq_robin
D:3:      minitemple, nrook_campfire, kennysheep_big_empty_room, uniq_ijyb,
          uniq_sigmund

Skill      XL: |  1  2  3  4 |
---------------+-------------+-----
Axes           | 2 3 |  3.7
Armour         | 3 |  3.7
Shields        | 3 |  3.2
Fighting       | |  3.5
Dodging        | |  0.8

Action                   |  1- 3 |  4- 6 || total
-------------------------+-------+-------++-------
Melee: War axe           |   109 |   112 ||   221
  Use: Potion            |       |     1 ||     1
  Eat: Chunk             |       |     6 ||     6
Armor: Scale mail        |    64 |    51 ||   115
Dodge: Dodged            |    49 |    60 ||   109
Block: Shield            |    64 |    68 ||   132

Table legend:
 A = Non-vault XP
 B = Vault XP
 C = Vault XP percentage of total XP
 D = Non-vault monster count
 E = Vault monster count
 F = Vault count percentage of total count
                 A         B        C        D         E       F
            +---------+---------+-------+---------+---------+-------
      Total |     217 |      84 |  27.9 |      63 |      18 |  22.2
            +---------+---------+-------+---------+---------+-------
        D:1 |      55 |      12 |  17.9 |      29 |       6 |  17.1
        D:2 |     152 |      36 |  19.1 |      29 |      11 |  27.5
        D:3 |      10 |      36 |  78.3 |       5 |       1 |  16.7
            +---------+---------+-------+---------+---------+-------
